 Dungeon Crawl Stone Soup version 0.25-a0-1126-g5fd7b56c60 (webtiles) character file.

Game seed: 18235551237199453656, levelgen mode: deterministic

836 Masnef the Geomancer (level 8, 0/52 HPs)
             Began as a Formicid Earth Elementalist on May 18, 2020.
             Was an Initiate of Gozag.
             Slain by an orc
             ... wielding a +0 falchion
              (3 damage)
             ... on level 5 of the Dungeon on May 19, 2020.
             The game lasted 00:14:12 (7865 turns).

Masnef the Geomancer (Formicid Earth Elementalist)  Turns: 7865, Time: 00:14:13

Health: 0/52       AC:  5    Str: 15    XL:     8   Next: 19%
Magic:  9/11       EV: 12    Int: 17    God:    Gozag
Gold:   169        SH:  0    Dex: 11    Spells: 6/12 levels left

rFire    x . .     SeeInvis +   l - +0 mace (drain)
rCold    . . .     Gourm    .   (no shield)
rNeg     + . .     Faith    .   c - +0 robe
rPois    .         Spirit   .   (helmet unavailable)
rElec    .         Reflect  .   r - +2 cloak of Fallacy {rF- rN+ Str+2}
rCorr    .         Harm     .   (no gloves)
MR       .....                  (no boots)
Stlth    ++........             (no amulet)
HPRegen  0.17/turn              (no ring)
MPRegen  0.12/turn              (no ring)

@: no status effects
A: permanent stasis, dig shafts and tunnels, four strong arms, antennae 3
a: Dig, Shaft Self, Potion Petition, Call Merchant, Bribe Branch, Renounce
Religion


You were on level 5 of the Dungeon.
You worshipped Gozag.
Gozag was aware of your devotion.
You were near starving.

You visited 2 branches of the dungeon, and saw 6 of its levels.

You collected 212 gold pieces.
You paid 43 gold pieces to Gozag.

Inventory:

Hand Weapons
 a - a +0 mace
 l - a +0 mace of draining (weapon)
Missiles
 b - 96 stones (quivered)
 e - 5 curare-tipped darts
Armour
 c - a +0 robe (worn)
 f - a +2 kite shield
 q - the cursed +0 ring mail "Ceunit" {rPois, unknown}
   (You found it on level 4 of the Dungeon)

   It protects you from poison.
   It has a curse placed upon it.
 r - the +2 cloak of Fallacy (worn) {rF- rN+ Str+2}
   (You found it on level 4 of the Dungeon)

   It affects your strength (+2).
   It makes you vulnerable to fire.
   It protects you from negative energy.
Wands
 g - a wand of paralysis (8)
Scrolls
 h - 2 scrolls of teleportation {unknown}
 i - 3 scrolls of remove curse
 m - a scroll of enchant weapon {unknown}
 o - 2 scrolls of noise {unknown}
 p - 2 scrolls of enchant armour {unknown}
 s - a scroll of identify {unknown}
Potions
 j - 2 potions of curing {unknown}
 k - a potion of degeneration {unknown}
 n - a potion of berserk rage {unknown}
 t - a potion of heal wounds {unknown}
Comestibles
 d - 6 rations


   Skills:
 + Level 4.8 Maces & Flails
 - Level 1.7 Dodging
 - Level 2.4 Stealth
 * Level 3.3 Shields
 + Level 2.5 Spellcasting
 - Level 1.1 Transmutations
 * Level 8.3 Earth Magic


You had 6 spell levels left.
You knew the following spells:

 Your Spells              Type           Power        Failure   Level  Hunger
a - Sandblast             Erth           ####..       1%          1    #......
b - Passwall              Tmut/Erth      ###.....     4%          2    ##.....
c - Stone Arrow           Conj/Erth      ###...       10%         3    ###....

Your spell library contained the following spells:

 Spells                   Type           Power        Failure   Level  Hunger
 Lee's Rapid Deconstruct  Erth           ####......   17%         5    ######.
 Petrify                  Tmut/Erth      ###.....     26%         4    #####..


Dungeon Overview and Level Annotations

Branches:
Dungeon (5/15)             Temple (1/1) D:4

Altars:
Ashenzari
Dithmenos
Elyvilon
Fedhas
Gozag
Hepliaklqana
Kikubaaqudgha
Makhleb
Nemelex Xobeh
Okawaru
Qazlal
Ru
Sif Muna
Trog
Uskayaw
Vehumet
Wu Jian
Xom
Yredelemnul
Zin
The Shining One

Annotations:
D:2 exclusion: oklob plant


Innate Abilities, Weirdness & Mutations

You cannot be hasted, slowed, berserked, paralysed or teleported.
You can dig through walls and to a lower floor.
Your four strong arms can wield two-handed weapons with a shield.
You have a pair of large antennae on your head. (SInv)


Message History

The orc misses you. The adder zombie closely misses you.
You barely miss the adder zombie.
The adder zombie is heavily damaged.
The orc hits you with a +0 falchion.
* * * LOW HITPOINT WARNING * * *
The orc hits you with a +0 club.
* * * LOW HITPOINT WARNING * * *
The adder zombie misses you.
You closely miss the adder zombie.
The adder zombie is heavily damaged.
The orc barely misses you. The orc hits you with a +0 club.
* * * LOW HITPOINT WARNING * * *
The adder zombie barely misses you. The orc barely misses you.
Unknown command.
You closely miss the adder zombie.
The adder zombie is heavily damaged.
The orc hits you but does no damage. The adder zombie barely misses you.
The orc hits you with a +0 falchion.
You die...
Your body crumbles into a pile of gold.

####+## #...... .# #......#
.### #....... ..... ......
..... #########...# ......
##...##.##...##...............
#........#..Z@o...............
#........#....o...............
#........#...##.!..##.........
##.......#...# +#####.........
#...##.##...##.....#.........
######'##...##.....#.........
#.......#......#.......<.
#.......##....##.....##..
#.......##....##.....####


You could see 2 orcs and an adder zombie.

Vanquished Creatures
  Grinder (D:3)
  Eustachio (D:4)
  A phantom (D:4)
  Blork the orc (D:4)
  An orc priest (D:3)
  A hound (D:4)
  Natasha (thrice) (D:3)
  2 orc wizards
  4 adders
  4 oozes
  3 dart slugs
  2 leopard geckos (D:1)
  5 orcs
  A ball python (D:3)
  3 giant cockroaches
  8 goblins
  9 hobgoblins
  20 jackals
  11 bats
  3 frilled lizards
  A jackal skeleton (D:4)
  10 kobolds
  A leopard gecko skeleton (D:4)
  8 rats
104 creatures vanquished.

Notes
Turn   | Place    | Note
-------+----------+-------------------------------------------
     0 | D:1      | Masnef the Formicid Earth Elementalist began the quest for
                  | the Orb.
     0 | D:1      | Reached XP level 1. HP: 13/13 MP: 3/3
   291 | D:1      | Reached skill level 4 in Earth Magic
   462 | D:1      | Reached XP level 2. HP: 18/19 MP: 5/5
   920 | D:1      | Reached skill level 1 in Maces & Flails
  1202 | D:1      | Reached XP level 3. HP: 20/24 MP: 6/6
  1302 | D:1      | Learned a level 2 spell: Passwall
  1530 | D:1      | HP: 1/24 [jackal (3)]
  1544 | D:1      | HP: 1/24 [jackal (1)]
  1556 | D:1      | HP: 1/24 [jackal (1)]
  1669 | D:1      | HP: 1/24 [jackal (2)]
  2181 | D:1      | Reached XP level 4. HP: 30/30 MP: 4/7
  2481 | D:2      | Learned a level 3 spell: Stone Arrow
  2660 | D:2      | Found a blossoming altar of Fedhas.
  2675 | D:2      | Noticed an oklob plant
  3809 | D:3      | Noticed Natasha
  3825 | D:3      | Reached skill level 1 in Shields
  4110 | D:3      | Reached XP level 5. HP: 31/35 MP: 8/8
  4856 | D:3      | Reached skill level 5 in Earth Magic
  4866 | D:3      | Noticed Grinder
  4912 | D:3      | Killed Grinder
  4912 | D:3      | Reached skill level 6 in Earth Magic
  4912 | D:3      | Reached XP level 6. HP: 24/41 MP: 1/9
  4999 | D:3      | Reached XP level 7. HP: 37/46 MP: 7/10
  5164 | D:3      | Killed Natasha
  5719 | D:3      | Noticed Natasha
  5724 | D:3      | Killed Natasha
  6162 | D:3      | Noticed Natasha
  6167 | D:3      | Killed Natasha
  6167 | D:3      | Reached skill level 7 in Earth Magic
  6320 | D:4      | Found a staircase to the Ecumenical Temple.
  6326 | Temple   | Entered the Ecumenical Temple
  6357 | Temple   | Upgraded the game from 0.25-a0-1119-g28b6fd0c3b to
                  | 0.25-a0-1126-g5fd7b56c60
  6471 | Temple   | Became a worshipper of Gozag Ym Sagoz the Greedy
  7210 | D:4      | Got a smoking ring mail
  7223 | D:4      | Found a sacrificial altar of Ru.
  7224 | D:4      | Found a shattered altar of Ashenzari.
  7236 | D:4      | Got a faintly glowing cloak
  7242 | D:4      | Identified the +2 cloak of Fallacy {rF- rN+ Str+2} (You
                  | found it on level 4 of the Dungeon)
  7328 | D:4      | Noticed Blork the orc
  7331 | D:4      | Noticed Eustachio
  7336 | D:4      | Killed Blork the orc
  7350 | D:4      | Killed Eustachio
  7350 | D:4      | Reached skill level 8 in Earth Magic
  7350 | D:4      | Reached XP level 8. HP: 17/52 MP: 2/11
  7569 | D:4      | Found a glowing golden altar of the Shining One.
  7732 | D:4      | Found an ancient bone altar of Kikubaaqudgha.
  7793 | D:5      | Entered Level 5 of the Dungeon
  7865 | D:5      | Slain by an orc

Illustrated notes

Levels and vault maps discovered:
D:1:      dpeg_arrival_lava_temple_mockup, layout_loops_ring, minivault_11,
          minmay_cupped
D:2:      layout_loops_corners, tgw_fedhas, first_ration
D:3:      layout_loops_cross, uniq_natasha, uniq_grinder
D:4:      layout_rooms, nicolae_overflow_hidden_temple, minitemple,
          minmay_temple_entry_statues, uniq_blork_the_orc, uniq_eustachio
D:5:      layout_gridville, kennysheep_little_box,
          nicolae_ossuary_entry_monument
Temple:   lightli_temple_of_artemis

Skill      XL: |  1  2  3  4  5  6  7 |
---------------+----------------------+-----
Earth Magic    | 4 6 8 |  8.3
Maces & Flails | 1 2 4 |  4.8
Shields        | 1 2 3 |  3.3
Dodging        | |  1.7
Stealth        | |  2.4
Spellcasting   | |  2.5
Transmutations | |  1.1

Action                   |  1- 3 |  4- 6 |  7- 9 || total
-------------------------+-------+-------+-------++-------
Melee: Mace              |   105 |    87 |    81 ||   273
 Cast: Sandblast         |    15 |    31 |    19 ||    65
       Passwall          |     1 |       |       ||     1
       Stone Arrow       |       |     2 |     9 ||    11
  Use: Scroll            |     2 |       |       ||     2
       Potion            |       |       |     1 ||     1
 Stab: Sleeping          |     3 |     3 |     3 ||     9
  Eat: Chunk             |     4 |     9 |     6 ||    19
       Ration            |       |       |     1 ||     1
Armor: Robe              |    36 |    24 |    14 ||    74
Dodge: Dodged            |   119 |   121 |    94 ||   334
Block: Kite shield       |    19 |       |       ||    19

Table legend:
 A = Non-vault XP
 B = Vault XP
 C = Vault XP percentage of total XP
 D = Non-vault monster count
 E = Vault monster count
 F = Vault count percentage of total count
                 A         B        C        D         E       F
            +---------+---------+-------+---------+---------+-------
      Total |     570 |     625 |  52.3 |      97 |       7 |   6.7
            +---------+---------+-------+---------+---------+-------
        D:1 |      71 |      10 |  12.3 |      39 |       3 |   7.1
        D:2 |      26 |       0 |   0.0 |      15 |       0 |   0.0
        D:3 |     253 |     322 |  56.0 |      33 |       2 |   5.7
        D:4 |     184 |     293 |  61.4 |       8 |       2 |  20.0
        D:5 |      36 |       0 |   0.0 |       2 |       0 |   0.0
            +---------+---------+-------+---------+---------+-------
